 Dungeon Crawl Stone Soup version 0.29-a0-1043-g569b05d6ff (webtiles) character file.

Game seed: 11570161049939940035

246 Newt the Chucker (level 5, -1/38 HPs)
             Began as a Demonspawn Gladiator on Aug 15, 2022.
             Slain by an iguana (14 damage)
             ... on level 4 of the Dungeon.
             The game lasted 00:08:29 (4005 turns).

Newt the Chucker (Demonspawn Gladiator)             Turns: 4005, Time: 00:08:30

Health: -1/38      AC:  3    Str: 16    XL:     5   Next: 84%
Magic:  4/4        EV: 12    Int: 10    God:
Gold:   150        SH:  0    Dex: 14    Spells: 3/4 levels left

rFire   . . .      SeeInvis .   a - +0 rapier
rCold   . . .      Faith    .   (no shield)
rNeg    . . .      Spirit   .   b - +0 leather armour
rPois   .          Reflect  .   (no helmet)
rElec   .          Harm     .   (no cloak)
rCorr   .          Rampage  .   (no gloves)
Will    +....                   (no boots)
Stlth   ++........              (no amulet)
HPRegen 0.12/turn               (no ring)
MPRegen 0.09/turn               (no ring)

@: studying Axes
A: powered by pain 1, demonic magic 1, low MP 1, strong-willed 1
a: no special abilities


You were on level 4 of the Dungeon.
You visited 1 branch of the dungeon, and saw 4 of its levels.

You collected 150 gold pieces.

Inventory:

Hand Weapons
 a - a +0 rapier (weapon)
Missiles
 e - a javelin
 f - 9 stones (quivered)
Armour
 b - a +0 leather armour (worn)
 c - a +0 helmet
Scrolls
 d - a scroll of blinking {unknown}
 i - 3 scrolls of teleportation {unknown}
 k - a scroll of brand weapon {unknown}
 o - a scroll of enchant weapon {unknown}
 r - a scroll of immolation {unknown}
 t - a scroll of magic mapping {unknown}
Potions
 g - a potion of brilliance
 h - 2 potions of attraction
 l - a potion of heal wounds {unknown}
 p - a potion of mutation
 s - a potion of berserk rage {unknown}


   Skills:
 - Level 2.0 Fighting
 + Level 3.8 Short Blades
 - Level 4.0 Throwing
 - Level 2.6 Dodging
 - Level 2.0 Stealth
 - Level 2.0 Summonings


You had 3 spell levels left.
You knew the following spells:

 Your Spells              Type           Power      Damage    Failure   Level
a - Summon Small Mammal   Summ           16%        N/A       21%         1

Your spell library contained the following spells:

 Spells                   Type           Power      Damage    Failure   Level
 Apportation              Tloc           0%         N/A       43%         1
 Necrotise                Necr           0%         1d4       43%         1
 Call Canine Familiar     Summ           4%         N/A       52%         3
 Portal Projectile        Hex/Tloc       0%         N/A       80%         3
 Leda's Liquefaction      Hex/Erth       0%         N/A       99%         4


Dungeon Overview and Level Annotations

Branches:
Dungeon (4/15)
 Temple: D:4-7

Altars:
Fedhas
Kikubaaqudgha


Innate Abilities, Weirdness & Mutations

You sometimes gain a little power by taking damage.
Spells you cast may paralyse adjacent enemies.
Your magical capacity is low. (-10% MP)
You are strong-willed. (Will+)


Message History

You hit the jackal but do no damage.
The jackal is severely wounded.
The jackal bites you. The jackal misses you.
You hit the jackal.
You kill the jackal!
You see here a jackal corpse.
The orc shouts!
An orc comes into view. It is wielding a +0 whip.
You closely miss the orc. The orc misses you.
You hit the orc.
The orc is severely wounded.
The orc barely misses you.
You hit the orc but do no damage.
The orc is severely wounded.
The orc closely misses you.
You hit the orc.
You kill the orc!
Things that are here:
a +0 whip; a +0 ring mail; an orc corpse The iguana hisses angrily.
You hear a shout!
The iguana closely misses you.
You hit the iguana.
The iguana is moderately wounded.
The iguana bites you.
You hit the iguana but do no damage.
The iguana is moderately wounded.
The iguana bites you.
You barely miss the iguana.
The iguana is moderately wounded.
The iguana bites you!
You hit the iguana.
The iguana is heavily wounded.
The iguana barely misses you.
You barely miss the iguana.
The iguana is heavily wounded.
The iguana bites you.
You closely miss the iguana.
The iguana is heavily wounded.
The iguana bites you!
You die...

##...# ##....### #...#
#.......#
##...##########.......#
..)...........†.......#
##...##########.......#
###############.......##
..............).......>#
################.####..#
# #@# ..# ### #l# .# #<#
#K# #.(. #.## #g♣h
#..###..# #. . ##......#
## # ..K..........#
######.......# #.......#


You could see an iguana and a kobold.

Vanquished Creatures
  An ogre (D:4)
  Jessica (D:2)
  An iguana (D:4)
  3 adders
  2 worms (D:3)
  2 dart slugs
  2 orcs (D:4)
  6 bats
  9 endoplasms
  4 giant cockroaches
  6 goblins
  5 hobgoblins
  6 jackals
  3 quokkas
  3 ball pythons (D:2)
  2 frilled lizards
  6 kobolds
  4 rats
66 creatures vanquished.

Vanquished Creatures (others)
  A fungus (D:3)
  3 plants (D:3)
4 creatures vanquished.

Grand Total: 70 creatures vanquished

Notes
Turn   | Place    | Note
-------+----------+-------------------------------------------
     0 | D:1      | Newt the Demonspawn Gladiator began the quest for the Orb.
     0 | D:1      | Reached XP level 1. HP: 16/16 MP: 1/1
   140 | D:1      | Reached skill level 1 in Stealth
   372 | D:1      | Gained mutation: You sometimes gain a little power by
                  | taking damage. [demonic ancestry]
   372 | D:1      | Reached XP level 2. HP: 20/22 MP: 2/2
   374 | D:1      | Learned a level 1 spell: Summon Small Mammal
   651 | D:2      | Reached skill level 1 in Summonings
   981 | D:2      | Reached XP level 3. HP: 27/27 MP: 3/3
  1028 | D:2      | Gained mutation: You are weak. (Str -2) [potion of
                  | mutation]
  1028 | D:2      | Gained mutation: You are very weak. (Str -4) [potion of
                  | mutation]
  1029 | D:2      | Lost mutation: You are very weak. (Str -4) [potion of
                  | mutation]
  1029 | D:2      | Lost mutation: You are weak. (Str -2) [potion of mutation]
  1029 | D:2      | Gained mutation: You have a pair of small horns on your
                  | head. [potion of mutation]
  1029 | D:2      | Gained mutation: You occasionally lose the ability to read
                  | scrolls when taking damage. [potion of mutation]
  1029 | D:2      | Gained mutation: You passively map a small area around you.
                  | [potion of mutation]
  1030 | D:2      | Lost mutation: You occasionally lose the ability to read
                  | scrolls when taking damage. [potion of mutation]
  1030 | D:2      | Lost mutation: You have a pair of small horns on your head.
                  | [potion of mutation]
  1030 | D:2      | Lost mutation: You passively map a small area around you.
                  | [potion of mutation]
  1030 | D:2      | Gained mutation: Your magical capacity is low. (-10% MP)
                  | [potion of mutation]
  1030 | D:2      | Gained mutation: You are frail. (-10% HP) [potion of
                  | mutation]
  1030 | D:2      | Lost mutation: You are frail. (-10% HP) [potion of
                  | mutation]
  1030 | D:2      | Gained mutation: You are strong-willed. (Will+) [potion of
                  | mutation]
  1170 | D:2      | Noticed Jessica
  1207 | D:2      | Killed Jessica
  1208 | D:2      | Reached skill level 2 in Throwing
  1827 | D:2      | Gained mutation: Spells you cast may paralyse adjacent
                  | enemies. [demonic ancestry]
  1827 | D:2      | Reached XP level 4. HP: 28/33 MP: 3/3
  2025 | D:3      | Found an ancient bone altar of Kikubaaqudgha.
  2025 | D:3      | Found a blossoming altar of Fedhas.
  2109 | D:3      | Found a faded altar of an unknown god.
  2423 | D:3      | Reached skill level 3 in Throwing
  3014 | D:4      | Noticed a water moccasin
  3441 | D:4      | Reached XP level 5. HP: 27/38 MP: 4/4
  3591 | D:4      | Noticed an ogre
  3623 | D:4      | HP: 1/38 [ogre/+0 giant club (9)]
  3625 | D:4      | Killed an ogre
  3626 | D:4      | Reached skill level 4 in Throwing
  4005 | D:4      | Slain by an iguana

Illustrated notes

Levels and vault maps discovered:
D:1:      dpeg_arrival_tiny_a, layout_rooms
D:2:      layout_loops_ring, uniq_jessica
D:3:      layout_loops_cross, grunt_temple_overflow_growth_and_decay,
          shapermc_ecumenical_altar_mp_ritualfount
D:4:      layout_basic, grunt_ministairs_4, minmay_manual_mandibuliform

Skill      XL: |  1  2  3  4  5 |
---------------+----------------+-----
Stealth        | 1 2 |  2.0
Summonings     | 1 2 |  2.0
Throwing       | 2 3 4 |  4.0
Short Blades   | 3 |  3.8
Fighting       | |  2.0
Dodging        | |  2.6

Action                   |  1- 3 |  4- 6 || total
-------------------------+-------+-------++-------
Melee: Rapier            |   134 |   154 ||   288
       Punch             |     1 |     3 ||     4
Throw: Stone             |     1 |    24 ||    25
       Boomerang         |       |     5 ||     5
       Throwing net      |       |     3 ||     3
       Javelin           |       |     2 ||     2
 Cast: Summon Small Mamm |     2 |     4 ||     6
  Use: Potion            |     3 |     3 ||     6
       Scroll            |     2 |     1 ||     3
 Stab: Sleeping          |     4 |     1 ||     5
Armor: Leather armour    |    50 |    30 ||    80
       Skin              |       |     4 ||     4
Dodge: Dodged            |    93 |   128 ||   221

Table legend: (Time is in decaauts)
 A = Elapsed time spent in this place.
 B = Non-inter-level travel time spent in this place.
 C = Inter-level travel time spent in this place.
 D = Time resting spent in this place.
 E = Time spent auto-exploring this place.
 F = Levels seen in this place.
 G = Mean time per level.
                   A        B        C        D        E       F      G
               +--------+--------+--------+--------+--------+-----+--------+
         Total |   4023 |   3938 |     85 |   1084 |   2063 |   4 | 1005.8 |
       Dungeon |   4023 |   3938 |     85 |   1084 |   2063 |   4 | 1005.8 |
               +--------+--------+--------+--------+--------+-----+--------+

Top non-repeatable levels by time:
     D:2: 1495 daAuts
     D:3: 1172 daAuts
     D:4: 705 daAuts
     D:1: 649 daAuts
